% Time on Ice - ANAHEIM OUTLAWS
Lines # - Real PCT - Wanted PCT - Time Play
Normal Forward
1 - 34% - 36% - 18:57
2 - 31% - 31% - 17:05
3 - 24% - 23% - 13:19
4 - 12% - 10% - 6:28
Normal Defense
1 - 34% - 36% - 18:49
2 - 31% - 31% - 17:16
3 - 27% - 23% - 15:17
4 - 8% - 10% - 4:27
PP Forward
1 - 68% - 55% - 2:51
2 - 32% - 45% - 1:20
PP Defense
1 - 74% - 55% - 3:06
2 - 26% - 45% - 1:05
PK Forward
1 - 0% - 55%
2 - 0% - 45%
PK Defense
1 - 0% - 55%
2 - 0% - 45%
PK3 Forward
1 - 0% - 55%
2 - 0% - 45%
PK3 Defense
1 - 0% - 55%
2 - 0% - 45%
44 Forward
1 - 0% - 55%
2 - 0% - 45%
44 Defense
1 - 0% - 55%
2 - 0% - 45%
Last Minute Offensive  - 0:00
Last Minute Defensive  - 0:00
Total
Forward - 60:00
Defense - 60:00
% Time on Ice - SAN FRANCISCO SPIDERS
Lines # - Real PCT - Wanted PCT - Time Play
Normal Forward
1 - 31% - 40% - 17:28
2 - 34% - 40% - 18:56
3 - 20% - 15% - 11:00
4 - 15% - 5% - 8:25
Normal Defense
1 - 36% - 40% - 20:08
2 - 39% - 40% - 22:00
3 - 25% - 20% - 13:41
4 - 0% - 0% - 0:00
PP Forward
1 - 0% - 50%
2 - 0% - 50%
PP Defense
1 - 0% - 50%
2 - 0% - 50%
PK Forward
1 - 50% - 50% - 2:06
2 - 50% - 50% - 2:05
PK Defense
1 - 56% - 50% - 2:20
2 - 44% - 50% - 1:51
PK3 Forward
1 - 0% - 55%
2 - 0% - 45%
PK3 Defense
1 - 0% - 50%
2 - 0% - 50%
44 Forward
1 - 0% - 55%
2 - 0% - 45%
44 Defense
1 - 0% - 55%
2 - 0% - 45%
Last Minute Offensive  - 0:00
Last Minute Defensive  - 0:00
Total
Forward - 60:00
Defense - 60:00
Play-by-Play 1st period 0:01 of 1st period - Bo Horvat wins face-off versus Evgeny Kuznetsov in neutral zone. 0:22 of 1st period - Shot by Andrei Svechnikov. 0:22 of 1st period - Stopped by Mackenzie Blackwood without a rebound. 0:23 of 1st period - Zach Hyman wins face-off versus Sam Bennett in ANAHEIM OUTLAWS zone. 0:37 of 1st period - Adrian Kempe is hit by Viktor Arvidsson and loses puck. 1:07 of 1st period - Icing by Zach Hyman. 1:08 of 1st period - Pius Suter wins face-off versus Zach Hyman in SAN FRANCISCO SPIDERS zone. 1:12 of 1st period - Pius Suter is hit by Adam Larsson and loses puck. 1:46 of 1st period - Shot by Kirby Dach. 1:46 of 1st period - Stopped by Mackenzie Blackwood without a rebound. 1:47 of 1st period - Bo Horvat wins face-off versus Evgeny Kuznetsov in ANAHEIM OUTLAWS zone. 2:22 of 1st period - Kevin Fiala is hit by Brenden Dillon and loses puck. 2:41 of 1st period - Andrei Svechnikov is hit by Zack MacEwen and loses puck. 3:44 of 1st period - Shot by Sam Bennett. 3:44 of 1st period - Shot Misses the Net. 3:46 of 1st period - Shot by Thomas Hickey. 3:46 of 1st period - Stopped by Scott Wedgewood with a rebound. 3:48 of 1st period - Shot by Thomas Hickey. 3:48 of 1st period - Goal by Thomas Hickey - ANAHEIM OUTLAWS : 1 - SAN FRANCISCO SPIDERS : 0. 3:49 of 1st period - Pius Suter wins face-off versus Connor McMichael in neutral zone. 4:02 of 1st period - Shot by Pierre Engvall. 4:02 of 1st period - Shot Misses the Net. 4:14 of 1st period - Shot by Pius Suter. 4:14 of 1st period - Shot Misses the Net. 4:16 of 1st period - Shot by Pierre Engvall. 4:16 of 1st period - Stopped by Scott Wedgewood without a rebound. 4:17 of 1st period - Zach Hyman wins face-off versus Evgeny Kuznetsov in SAN FRANCISCO SPIDERS zone. 4:26 of 1st period - Shot by Viktor Arvidsson. 4:26 of 1st period - Deflect By Alexander Kerfoot. 4:26 of 1st period - Shot Misses the Net. 4:29 of 1st period - Icing by Henri Jokiharju. 4:30 of 1st period - Evgeny Kuznetsov wins face-off versus Jared McCann in ANAHEIM OUTLAWS zone. 5:03 of 1st period - Shot by Kevin Fiala. 5:03 of 1st period - Stopped by Scott Wedgewood with a rebound. 5:46 of 1st period - Off-side. 5:47 of 1st period - Pius Suter wins face-off versus Connor McMichael in neutral zone. 5:58 of 1st period - Thomas Hickey is hit by Zack Kassian and loses puck. 6:56 of 1st period - Shot by Viktor Arvidsson. 6:56 of 1st period - Shot Blocked by Sam Bennett. 6:58 of 1st period - Shot by Viktor Arvidsson. 6:58 of 1st period - Shot Misses the Net. 8:13 of 1st period - Icing by Adam Larsson. 8:14 of 1st period - Bo Horvat wins face-off versus Evgeny Kuznetsov in SAN FRANCISCO SPIDERS zone. 8:18 of 1st period - Andrei Svechnikov is hit by Thomas Hickey and loses puck. 8:49 of 1st period - Shot by Kevin Fiala. 8:49 of 1st period - Shot Misses the Net. 9:06 of 1st period - Shot by Pius Suter. 9:06 of 1st period - Goal by Pius Suter - ANAHEIM OUTLAWS : 2 - SAN FRANCISCO SPIDERS : 0. 9:07 of 1st period - Zach Hyman wins face-off versus Michael Rasmussen in neutral zone. 9:17 of 1st period - Icing by Morgan Rielly. 9:18 of 1st period - Jared McCann wins face-off versus Michael Rasmussen in ANAHEIM OUTLAWS zone. 9:33 of 1st period - Shot by Michael Rasmussen. 9:33 of 1st period - Stopped by Scott Wedgewood with a rebound. 10:04 of 1st period - Icing by Kirby Dach. 10:05 of 1st period - Jared McCann wins face-off versus Evgeny Kuznetsov in SAN FRANCISCO SPIDERS zone. 10:45 of 1st period - Shot by Evgeny Kuznetsov. 10:45 of 1st period - Stopped by Scott Wedgewood without a rebound. 10:46 of 1st period - Bo Horvat wins face-off versus Pius Suter in SAN FRANCISCO SPIDERS zone. 10:50 of 1st period - Off-side. 10:51 of 1st period - Pius Suter wins face-off versus Zach Hyman in neutral zone. 10:56 of 1st period - Alexander Kerfoot is hit by Pierre Engvall and loses puck. 11:14 of 1st period - Shot by Viktor Arvidsson. 11:14 of 1st period - Shot Misses the Net. 11:16 of 1st period - Shot by Zach Hyman. 11:16 of 1st period - Shot Misses the Net. 11:18 of 1st period - Shot by Viktor Arvidsson. 11:18 of 1st period - Shot Hit the Post. 11:24 of 1st period - Shot by Viktor Arvidsson. 11:24 of 1st period - Shot Misses the Net. 11:26 of 1st period - Shot by Viktor Arvidsson. 11:26 of 1st period - Stopped by Mackenzie Blackwood without a rebound. 11:27 of 1st period - Bo Horvat wins face-off versus Evgeny Kuznetsov in ANAHEIM OUTLAWS zone. 12:12 of 1st period - Shot by Michael Bunting. 12:12 of 1st period - Shot Misses the Net. 12:58 of 1st period - Brenden Dillon is hit by Sam Bennett and loses puck. 14:44 of 1st period - Sean Durzi is hit by Evgeny Kuznetsov and loses puck. 15:28 of 1st period - Icing by Brenden Dillon. 15:29 of 1st period - Zach Hyman wins face-off versus Sam Bennett in SAN FRANCISCO SPIDERS zone. 15:34 of 1st period - Shot by Jeff Skinner. 15:34 of 1st period - Shot Blocked by Erik Gudbranson. 15:36 of 1st period - Shot by Sam Bennett. 15:36 of 1st period - Shot Blocked by Zach Hyman. 15:38 of 1st period - Shot by Adrian Kempe. 15:38 of 1st period - Stopped by Scott Wedgewood without a rebound. 15:39 of 1st period - Bo Horvat wins face-off versus Pius Suter in SAN FRANCISCO SPIDERS zone. 15:44 of 1st period - Shot by Andrei Svechnikov. 15:44 of 1st period - Stopped by Mackenzie Blackwood without a rebound. 15:45 of 1st period - Sam Bennett wins face-off versus Zach Hyman in ANAHEIM OUTLAWS zone. 15:50 of 1st period - Zach Hyman is hit by Sam Bennett and loses puck. 16:15 of 1st period - Shot by Jeff Skinner. 16:15 of 1st period - Shot Misses the Net. 17:59 of 1st period - Shot by Andrei Svechnikov. 17:59 of 1st period - Shot Blocked by Pierre Engvall. 18:30 of 1st period - Icing by Noah Hanifin. 18:31 of 1st period - Pius Suter wins face-off versus Jared McCann in ANAHEIM OUTLAWS zone. 18:31 of 1st period - Pius Suter is hit by Jared McCann. 19:06 of 1st period - Shot by Sam Bennett. 19:06 of 1st period - Stopped by Scott Wedgewood without a rebound. 19:07 of 1st period - Michael Rasmussen wins face-off versus Connor McMichael in SAN FRANCISCO SPIDERS zone. 19:21 of 1st period - Icing by Sean Durzi. 19:22 of 1st period - Evgeny Kuznetsov wins face-off versus Connor McMichael in SAN FRANCISCO SPIDERS zone. 19:29 of 1st period - Shot by Evgeny Kuznetsov. 19:29 of 1st period - Shot Blocked by Sean Durzi. Goals for this period are 2 for ANAHEIM OUTLAWS vs 0 for SAN FRANCISCO SPIDERS. Shots for this period are 9 for ANAHEIM OUTLAWS vs 4 for SAN FRANCISCO SPIDERS. 2nd period 0:01 of 2nd period - Sam Bennett wins face-off versus Bo Horvat in neutral zone. 0:06 of 2nd period - Shot by Jeff Skinner. 0:06 of 2nd period - Shot Misses the Net. 0:15 of 2nd period - Icing by Jeff Skinner. 0:16 of 2nd period - Zach Hyman wins face-off versus Sam Bennett in ANAHEIM OUTLAWS zone. 0:20 of 2nd period - Icing by Sam Bennett. 0:21 of 2nd period - Bo Horvat wins face-off versus Sam Bennett in ANAHEIM OUTLAWS zone. 0:32 of 2nd period - Shot by Jeff Skinner. 0:32 of 2nd period - Stopped by Scott Wedgewood with a rebound. 0:38 of 2nd period - Shot by Jeff Skinner. 0:38 of 2nd period - Deflect By Sam Bennett. 0:38 of 2nd period - Shot Misses the Net. 0:40 of 2nd period - Shot by Adrian Kempe. 0:40 of 2nd period - Shot Blocked by Brenden Dillon. 0:42 of 2nd period - Shot by Morgan Rielly. 0:42 of 2nd period - Stopped by Scott Wedgewood with a rebound. 2:20 of 2nd period - Shot by Viktor Arvidsson. 2:20 of 2nd period - Shot Misses the Net. 3:59 of 2nd period - Shot by Adrian Kempe. 3:59 of 2nd period - Shot Blocked by Kirby Dach. 4:01 of 2nd period - Shot by Sam Bennett. 4:01 of 2nd period - Shot Blocked by Michael Anderson. 4:03 of 2nd period - Shot by Jeff Skinner. 4:03 of 2nd period - Stopped by Scott Wedgewood without a rebound. 4:04 of 2nd period - Evgeny Kuznetsov wins face-off versus Connor McMichael in SAN FRANCISCO SPIDERS zone. 4:19 of 2nd period - Shot by Kevin Fiala. 4:19 of 2nd period - Shot Blocked by Sean Durzi. 4:24 of 2nd period - Off-side. 4:25 of 2nd period - Sam Bennett wins face-off versus Zach Hyman in neutral zone. 4:27 of 2nd period - Noah Hanifin is hit by Sean Durzi and loses puck. 5:15 of 2nd period - Icing by Noah Hanifin. 5:16 of 2n